 Dungeon Crawl Stone Soup version 0.22.0-25-g7663229 (webtiles) character file.

98 diana the Poker (level 4, -2/33 HPs)
             Began as a Merfolk Gladiator on Aug 20, 2018.
             Killed by divine providence
             ... invoked by an orc priest
              (13 damage)
             ... on level 3 of the Dungeon.
             The game lasted 00:02:17 (1826 turns).

diana the Poker (Merfolk Gladiator)                 Turns: 1826, Time: 00:02:18

Health: -2/33      AC:  4    Str: 14    XL:     4   Next: 69%
Magic:  4/4        EV: 15    Int:  7    God:
Gold:   151        SH:  0    Dex: 16    Spells: 3/3 levels left

rFire    . . .     SeeInvis .   a - +0 trident
rCold    . . .     Gourm    .   (no shield)
rNeg     + . .     Faith    .   b - +0 leather armour
rPois    .         Spirit   .   c - +0 helmet
rElec    .         Reflect  .   (no cloak)
rCorr    .         Harm     .   (no gloves)
MR       .....                  (no boots)
Stlth    +.........             (no amulet)
HPRegen  0.11/turn              i - ring of positive energy
MPRegen  0.09/turn              (no ring)

@: no status effects
A: change form in water, swift swim, stealthy swim
a: no special abilities


You were on level 3 of the Dungeon.
You were not hungry.

You visited 1 branch of the dungeon, and saw 3 of its levels.

You collected 151 gold pieces.

Inventory:

Hand Weapons
 a - a +0 trident (weapon)
Missiles
 d - 3 throwing nets (quivered)
Armour
 b - a +0 leather armour (worn)
 c - a +0 helmet (worn)
Jewellery
 i - a ring of positive energy (left hand)
Scrolls
 g - 4 scrolls of identify {unknown}
 k - 2 scrolls of remove curse {unknown}
 l - a scroll of amnesia {unknown}
 m - a scroll of teleportation {unknown}
 o - a scroll of enchant armour {unknown}
Potions
 e - a potion of heal wounds {unknown}
 h - a potion of cancellation {unknown}
 j - 3 potions of curing {unknown}
 n - a potion of agility {unknown}
 p - a potion of flight {unknown}
Comestibles
 f - 5 rations
 q - 2 chunks of flesh


   Skills:
 - Level 2.1 Fighting
 * Level 6.8 Polearms
 - Level 2.0 Throwing
 + Level 5.1 Dodging


You had 3 spell levels left.
You didn't know any spells.
Your spell library was empty.

Dungeon Overview and Level Annotations

Branches:
Dungeon (3/15)

Altars:
Ashenzari
Fedhas
Uskayaw
Vehumet


Message History

Aim: an orc priest, wielding a dagger You reach to attack!
You puncture the orc priest!
The orc priest is severely wounded.
You hit the orc priest.
The orc priest is severely wounded.
The orc priest calls down the wrath of Beogh upon you.
Beogh smites you!
You are too injured to fight recklessly!
You are too injured to fight recklessly!
You barely miss the orc priest.
The orc priest is severely wounded.
The orc priest hits you but does no damage.
You barely miss the orc priest.
The orc priest is severely wounded.
The orc priest misses you.
You hit the orc priest but do no damage.
The orc priest is severely wounded.
The orc priest calls down the wrath of Beogh upon you.
Beogh smites you!
You die...

#.#.#######
#>#.......<
#######.#.#######
..........#
######.#.####
##..(....#
.........#...#
###.######...†...#
......o@.....#..##
###.#######.###.##
#........## ##.#
#########.###.##
##.#..# ##.#.#
###.# #.# #.#


You could see an orc priest.

Vanquished Creatures
  A jelly (D:3)
  2 oozes
  A worm (D:2)
  3 dart slugs
  2 leopard geckos (D:1)
  6 giant cockroaches
  7 goblins
  5 hobgoblins
  3 jackals (D:1)
  5 bats
  2 frilled lizards (D:2)
  7 kobolds
  3 rats
47 creatures vanquished.

Notes
Turn   | Place    | Note
-------+----------+-------------------------------------------
     0 | D:1      | diana the Merfolk Gladiator began the quest for the Orb.
     0 | D:1      | Reached XP level 1. HP: 16/16 MP: 1/1
    81 | D:1      | Reached XP level 2. HP: 18/22 MP: 2/2
    82 | D:1      | Reached skill level 5 in Polearms
   370 | D:1      | Reached XP level 3. HP: 27/27 MP: 3/3
   910 | D:2      | Reached skill level 6 in Polearms
   921 | D:2      | Found a shattered altar of Ashenzari.
   957 | D:2      | Found a blossoming altar of Fedhas.
  1088 | D:2      | Found a hide-covered altar of Uskayaw.
  1291 | D:2      | Reached XP level 4. HP: 33/33 MP: 4/4
  1714 | D:3      | Found a radiant altar of Vehumet.
  1790 | D:3      | Reached skill level 5 in Dodging
  1826 | D:3      | Killed from afar by an orc priest

Skill      XL: |  1  2  3  4 |
---------------+-------------+-----
Polearms       | 5 6 |  6.8
Dodging        | 5 |  5.1
Fighting       | |  2.1
Throwing       | |  2.0

Action                   |  1- 3 |  4- 6 || total
-------------------------+-------+-------++-------
Melee: Trident           |   133 |    29 ||   162
 Stab: Sleeping          |     6 |       ||     6
  Eat: Chunk             |     1 |     2 ||     3
Armor: Leather armour    |    26 |     2 ||    28
Dodge: Dodged            |    77 |    12 ||    89
